 Dungeon Crawl Stone Soup version 0.26.1-11-gd32895ea62 (webtiles) character file.

Game seed: 10542013574729321426

130 Zeld the Sneak (level 4, 0/22 HPs)
             Began as a Spriggan Brigand on June 4, 2021.
             Succumbed to an adder's poison
             ... on level 3 of the Dungeon.
             The game lasted 00:04:24 (4375 turns).

Zeld the Sneak (Spriggan Brigand)                   Turns: 4375, Time: 00:04:24

Health: 0/22       AC:  3    Str:  4 (7)  XL:     4   Next: 90%
Magic:  5/5        EV: 17    Int: 10 (12) God:
Gold:   144        SH:  0    Dex: 16 (18) Spells: 3/3 levels left

rFire    . . .     SeeInvis +   a - +2 dagger
rCold    . . .     Faith    .   (shield restricted)
rNeg     . . .     Spirit   .   b - +0 robe
rPois    .         Reflect  .   (helmet restricted)
rElec    .         Harm     .   c - +0 cloak
rCorr    .         Rampage  .   (gloves unavailable)
Will     .....                  (boots unavailable)
Stlth    +++.......             (no amulet)
HPRegen  0.07/turn              (no ring)
MPRegen  0.09/turn              (no ring)

@: lethally poisoned (0 -> -2), very quick
A: very small, unfitting armour, see invisible, speed 3
a: no special abilities


You were on level 3 of the Dungeon.
You visited 1 branch of the dungeon, and saw 3 of its levels.

You collected 144 gold pieces.

Inventory:

Hand Weapons
 a - a +2 dagger (weapon)
 j - a +2 dagger of speed
Missiles
 d - 8 poisoned darts (quivered)
 e - 2 curare-tipped darts
Armour
 b - a +0 robe (worn)
 c - a +0 cloak (worn)
Scrolls
 f - 3 scrolls of teleportation {unknown}
 g - 2 scrolls of fog {unknown}
 i - a scroll of enchant weapon {unknown}
 k - 3 scrolls of identify {unknown}
 m - a scroll of blinking {unknown}
 o - 3 scrolls of magic mapping {unknown}
 p - a scroll of fear {unknown}
 q - a scroll of immolation {unknown}
 r - a scroll of random uselessness {unknown}
Potions
 h - a potion of haste {unknown}
 l - a potion of degeneration
 n - a potion of brilliance {unknown}


   Skills:
 - Level 1.5 Fighting
 * Level 4.3 Short Blades
 * Level 3.8 Throwing
 - Level 1.5 Dodging
 - Level 5.8 Stealth


You had 3 spell levels left.
You didn't know any spells.
Your spell library was empty.

Dungeon Overview and Level Annotations

Branches:
Dungeon (3/15)

Altars:
Ru
Xom


Innate Abilities, Weirdness & Mutations

You are very small and have problems with some larger weapons.
You are too small for most types of armour.
You have supernaturally acute eyesight. (SInv)
You cover ground extremely quickly.


Message History

The orc is severely wounded.
The adder bites you but does no damage.
You barely miss the orc.
The orc is severely wounded.
The orc completely misses you. The adder completely misses you.
You hit the orc.
You kill the orc!
The adder bites you.
* * * LOW HITPOINT WARNING * * *
An orc wizard comes into view. It is wielding a +0 dagger.
Things that are here:
a +4 dagger; a bat corpse An orc comes into view.
It is wielding a +0 hand axe.
* * * LOW HITPOINT WARNING * * *
You feel sick.
Found a leather armour.
It was a potion of degeneration.
There was something very wrong with that liquid.
You feel weakened.
You feel dopey.
You feel clumsy.
You die...

..# ..# ####.# ####....#
#.......###
##...........#
##..........#.#
#..####.###K#.#
##..##.@.# #(#.#
#...#....# #.#.#
#...#S...###.#.#
##.......[##.g#.#
#....#######..#.# #..o.#
###...#.#
..#....####.K...#.#
........).g......#.#
#######################.#


You could see an orc wizard and an adder.

Vanquished Creatures
  A worker ant (D:2)
  4 adders
  An ooze (D:3)
  3 worms
  A dart slug (D:3)
  3 leopard geckos
  An orc (D:3)
  3 giant cockroaches
  5 goblins
  4 hobgoblins
  11 jackals
  6 bats
  2 frilled lizards (D:1)
  5 kobolds
  3 rats (D:1)
53 creatures vanquished.

Notes
Turn   | Place    | Note
-------+----------+-------------------------------------------
     0 | D:1      | Zeld the Spriggan Brigand began the quest for the Orb.
     0 | D:1      | Reached XP level 1. HP: 10/10 MP: 2/2
   363 | D:1      | Reached XP level 2. HP: 13/14 MP: 3/3
  1116 | D:2      | Reached XP level 3. HP: 18/18 MP: 4/4
  1988 | D:2      | Reached XP level 4. HP: 22/22 MP: 5/5
  2196 | D:2      | Found a sacrificial altar of Ru.
  2295 | D:2      | Found a shimmering altar of Xom.
  2296 | D:2      | Found a shimmering altar of Xom.
  2297 | D:2      | Found a shimmering altar of Xom.
  2297 | D:2      | Found a shimmering altar of Xom.
  4369 | D:3      | HP: 1/22 [poisoned by an adder]
  4375 | D:3      | Succumbed to an adder's poison

Illustrated notes

Levels and vault maps discovered:
D:1:      amcnicky_arrival_single_pillar, layout_basic, grunt_decor_fettered
D:2:      layout_basic, xom_redecorated, nicolae_ru_path_of_blood
D:3:      minmay_recursive_quarters, layout_rooms, uniq_jessica

Skill      XL: |  1  2  3  4 |
---------------+-------------+-----
Short Blades   | 3 4 |  4.3
Throwing       | 3 |  3.8
Fighting       | |  1.5
Dodging        | |  1.5
Stealth        | |  5.8

Action                   |  1- 3 |  4- 6 || total
-------------------------+-------+-------++-------
Melee: Dagger            |    99 |   142 ||   241
  Use: Potion            |       |     1 ||     1
 Stab: Sleeping          |     7 |     6 ||    13
       Distracted        |     2 |       ||     2
Armor: Robe              |    22 |    12 ||    34
Dodge: Dodged            |    77 |    91 ||   168
